 Dungeon Crawl Stone Soup version 0.28.0-45-g0d030f2227 (webtiles) character file.

Game seed: 7885640850353489598

38 MisterFreud the Covert (level 3, -1/35 HPs)
             Began as a Gnoll Delver on May 17, 2022.
             Succumbed to an orc's poison
             ... on level 3 of the Dungeon.
             The game lasted 00:01:14 (543 turns).

MisterFreud the Covert (Gnoll Delver)                Turns: 543, Time: 00:01:14

Health: -1/35      AC:  3    Str:  9 (11) XL:     3   Next: 43%
Magic:  4/4        EV: 12    Int:  9 (11) God:
Gold:   42         SH:  0    Dex: 12 (13) Spells: 3/3 levels left

rFire   . . .      SeeInvis .   a - +0 short sword
rCold   . . .      Faith    .   (no shield)
rNeg    . . .      Spirit   .   b - +0 leather armour
rPois   .          Reflect  .   (no helmet)
rElec   .          Harm     .   (no cloak)
rCorr   .          Rampage  .   (no gloves)
Will    .....                   (no boots)
Stlth   ++++......              (no amulet)
HPRegen 0.11/turn               (no ring)
MPRegen 0.09/turn               (no ring)

@: lethally poisoned (-1 -> -10)
A: fangs 1, strong nose, distributed training
a: no special abilities


You were on level 3 of the Dungeon.
You visited 1 branch of the dungeon, and saw 4 of its levels.

You collected 42 gold pieces.

Inventory:

Hand Weapons
 a - a +0 short sword (weapon)
Armour
 b - a +0 leather armour (worn)
Wands
 g - a wand of digging (3)
Scrolls
 c - a scroll of fog
 d - a scroll of magic mapping
 e - a scroll of fear
Potions
 f - a potion of haste
 h - a potion of degeneration


   Skills:
 + Level 6.5 Fighting
 + Level 4.5 Short Blades
 + Level 0.8 Long Blades
 + Level 0.8 Axes
 + Level 0.8 Maces & Flails
 + Level 0.8 Polearms
 + Level 0.8 Staves
 + Level 0.8 Slings
 + Level 0.8 Bows
 + Level 0.8 Crossbows
 + Level 0.8 Throwing
 + Level 0.8 Armour
 + Level 4.5 Dodging
 + Level 9.6 Stealth
 + Level 0.8 Shields
 + Level 0.8 Unarmed Combat
 + Level 0.8 Spellcasting
 + Level 0.5 Conjurations
 + Level 0.5 Hexes
 + Level 0.5 Summonings
 + Level 0.5 Necromancy
 + Level 0.5 Translocations
 + Level 0.5 Transmutations
 + Level 0.5 Fire Magic
 + Level 0.5 Ice Magic
 + Level 0.5 Air Magic
 + Level 0.5 Earth Magic
 + Level 0.5 Poison Magic
 + Level 1.0 Invocations
 + Level 0.8 Evocations


You had 3 spell levels left.
You didn't know any spells.
Your spell library contained the following spells:

 Spells                   Type           Power      Damage    Failure   Level
 Summon Small Mammal      Summ           4%         N/A       38%         1
 Portal Projectile        Hex/Tloc       2%         N/A       77%         3
 Animate Armour           Summ/Erth      2%         N/A       99%         4
 Passage of Golubria      Tloc           1%         N/A       99%         4
 Summon Ice Beast         Ice/Summ       1%         N/A       99%         4


Dungeon Overview and Level Annotations

Branches:
Dungeon (6/15)
 Temple: D:4-7

Altars:


Innate Abilities, Weirdness & Mutations

You have very sharp teeth.
Your uncanny sense of smell can sniff out nearby items.
Your experience applies equally to all skills.


Message History

The orc is severely wounded.
The orc hits you but does no damage.
You hit the orc.
You kill the orc!
The orc hits you with a +1 short sword of venom.
Items here: ) [ ††.
You hit the orc but do no damage.
The orc hits you with a +1 short sword of venom.
You are poisoned.
You hit the orc. Your bite misses the orc.
The orc is heavily wounded.
You feel sick. The orc closely misses you.
You hit the orc but do no damage.
The orc is heavily wounded.
You feel sick.
The orc hits you with a +1 short sword of venom.
* * * LOW HITPOINT WARNING * * *
You are lethally poisoned!
You hit the orc.
You kill the orc!
* * * LOW HITPOINT WARNING * * *
You feel very sick.
Your Invocations skill increases to level 1!
* * * LOW HITPOINT WARNING * * *
You feel very sick.
Things that are here:
a +1 short sword of venom; a +0 scale mail; an orc corpse It was a potion of degeneration.
There was something very wrong with that liquid.
You feel weakened.
You feel dopey.
You feel clumsy.
* * * LOW HITPOINT WARNING * * *
You feel very sick.
Okay, then.
Unknown command.
Sorry, you're not good enough to have a special ability.
Okay, then.
Saving game... please wait.
Welcome back, MisterFreud the Gnoll Delver.
Press ? for a list of commands and other information.
You die...

############...
###.........##...
................
###.........##...
............####.
####.........##... .
.............+...
....#######..........##...
........[@#..........##...
....#####.#..........##...
.. #####[#..........###..
.. +.....................
...#####.#.############..
..>.....................#
!...........###########..
........[...# ##.
###.........# #.


There were no monsters in sight!

Vanquished Creatures
  An adder (D:3)
  2 worms (D:3)
  5 orcs (D:3)
  A ball python (D:3)
  2 bats (D:3)
  2 endoplasms (D:3)
  A goblin (D:4)
  2 hobgoblins (D:3)
  A quokka (D:3)
17 creatures vanquished.

Notes
Turn   | Place    | Note
-------+----------+-------------------------------------------
     0 | D:5      | Reached skill level 9 in Stealth
     0 | D:5      | MisterFreud the Gnoll Delver began the quest for the Orb.
     0 | D:5      | Reached XP level 1. HP: 23/23 MP: 1/1
   150 | D:3      | Reached XP level 2. HP: 23/29 MP: 2/2
   329 | D:3      | Got the Handbook of the Creative Compass
   502 | D:3      | Reached XP level 3. HP: 32/35 MP: 3/3
   541 | D:3      | Reached skill level 1 in Invocations
   542 | D:3      | HP: 1/35 [poisoned by an orc]
   543 | D:3      | Succumbed to an orc's poison

Illustrated notes

Levels and vault maps discovered:
D:3:      layout_basic, grunt_temple_overflow_open, serial_shops,
          nicolae_shop_advertising_works [nicolae_subvault_shop_adworks],
          chequers_serial_rivers_room_b
D:4:      layout_cave_pools, mainiacjoe_overflow_small_starburst,
          nicolae_wu_jian_immortal_techniques, uniq_sigmund
D:5:      layout_basic, lemuel_crystal_altar, minmay_temple_entry_hall,
          uniq_menkaure, uniq_pikel
D:6:      layout_basic, grunt_temple_overflow_lords_of_destruction,
          grunt_decor_junction, st_stairs_4, chequers_serial_rivers_large_a,
          chequers_serial_rivers_marsh, uniq_eustachio, uniq_grinder

Skill      XL: |  1  2  3 |
---------------+----------+-----
Stealth        | |  9.6
Invocations    | 1 |  1.0
Fighting       | |  6.5
Short Blades   | |  4.5
Long Blades    | |  0.8
Axes           | |  0.8
Maces & Flails | |  0.8
Polearms       | |  0.8
Staves         | |  0.8
Slings         | |  0.8
Bows           | |  0.8
Crossbows      | |  0.8
Throwing       | |  0.8
Armour         | |  0.8
Dodging        | |  4.5
Shields        | |  0.8
Unarmed Combat | |  0.8
Spellcasting   | |  0.8
Conjurations   | |  0.5
Hexes          | |  0.5
Summonings     | |  0.5
Necromancy     | |  0.5
Translocations | |  0.5
Transmutations | |  0.5
Fire Magic     | |  0.5
Ice Magic      | |  0.5
Air Magic      | |  0.5
Earth Magic    | |  0.5
Poison Magic   | |  0.5
Evocations     | |  0.8

Action                   || total
-------------------------++-------
Melee: Short sword       ||    96
       Bite              ||     8
  Use: Potion            ||     1
 Stab: Sleeping          ||     1
Armor: Leather armour    ||     6
Dodge: Dodged            ||    57
